Map: Arctic Flowers LE

Players

Alexandre

  • Race: Protoss Protoss
  • Spawn Location: 1:00

DinDon

  • Race: Protoss Protoss
  • League: Silver
  • Spawn Location: 1:00

Jora

  • Race: Zerg Zerg
  • League: Silver
  • Spawn Location: 7:00

Impasha

  • Race: Protoss Protoss
  • Spawn Location: 7:00

VOD

Have the link to the VOD?

Description

Time

  • Played on: Dec. 1, 2024, 10:23 a.m.
  • Length: 12:28
Show
View Real Time Build Order
Export as new Build Order

Alexandre Protoss 

Build Orders:  

Get SALT Encoding   

  12  0:02  Probe  
  13  0:10  Probe  
  14  0:27  Probe  
  15  0:35  Pylon  
  15  0:58  Assimilator  
  15  1:02  Probe  
  15  1:10  Nexus, Probe  
  17  1:22  Gateway  
  17  1:23  Probe  
  18  1:50  Probe  
  18  1:53  Assimilator  
  19  2:02  Probe  
  19  2:04  Assimilator  
  20  2:13  Assimilator  
  20  2:14  Probe  
  21  2:19  Probe  
  22  2:22  Probe  
  22  2:23  Cybernetics Core  
  22  2:27  Probe  
  23  2:30  Probe  
  23  2:37  Probe  
  25  2:40  Probe  
  27  2:49  Probe  
  28  2:55  Pylon  
  28  3:09  Probe, Stargate  
  28  3:10  Stargate  
  28  3:12  Probe  
  30  3:17  Probe  
  30  3:24  Probe  
  30  3:27  Probe  
  33  3:36  Probe  
  33  3:37  Pylon  
  33  3:39  Probe  
  33  3:40  Pylon  
  35  3:49  Probe  
  35  3:53  Void Ray  
  35  3:55  Void Ray  
  44  3:58  Probe  
  45  4:14  Probe  
  45  4:16  Probe  
  47  4:18  Fleet Beacon  
  47  4:26  Probe  
  47  4:28  Void Ray, Probe  
  47  4:31  Void Ray  
  57  5:02  Flux Vanes  
  57  5:11  Nexus  
  57  5:13  Forge  
  57  5:14  Assimilator, Probe  
  57  5:15  Probe  
  59  5:22  Assimilator  
  59  5:29  Probe x2  
  61  5:37  Stargate, Pylon  
  61  5:41  Probe  
  62  5:45  Pylon  
  62  5:55  Probe, Void Ray  
  67  6:03  Void Ray  
  71  6:20  Stargate  
  71  6:21  Stargate, Pylon  
  71  6:22  Void Ray  
  75  6:39  Void Ray  
  75  6:51  Void Ray  
  67  7:11  Carrier  
  73  7:18  Probe x3  
  76  7:30  Probe x3, Photon Cannon  
  76  7:35  Pylon  
  76  7:36  Pylon  
  79  7:37  Pylon  
  79  7:43  Pylon x2  
  79  7:44  Void Ray  
  79  7:45  Phoenix, Pylon  
  79  7:46  Phoenix x2  
  89  7:58  Photon Cannon  
  89  7:59  Photon Cannon  
  89  8:01  Photon Cannon  
  89  8:05  Photon Cannon  
  89  8:11  Pylon  
  89  8:17  Anion Pulse-Crystals  
  89  8:30  Phoenix x2, Void Ray  
  97  8:36  Photon Cannon  
  97  8:40  Photon Cannon  
  97  8:49  Probe x3  
  97  8:50  Photon Cannon  
  97  8:52  Phoenix  
  72  9:26  Phoenix x4  
  72  9:27  Phoenix  
  82  9:39  Protoss Air Weapons Level 1  
  82  9:51  Assimilator  
  82  9:52  Nexus  
  82  9:56  Assimilator, Pylon  
  82  10:01  Pylon  
  82  10:03  Pylon  
  82  10:05  Pylon  
  82  10:13  Cybernetics Core  
  82  10:14  Phoenix x4  
  82  10:15  Twilight Council  
  90  10:30  Phoenix  
  92  10:39  Phoenix x2  
  86  11:00  Phoenix x3  
  86  11:04  Phoenix x2  
  96  11:18  Stargate  
  96  11:19  Stargate  
  96  11:20  Pylon  
  96  11:24  Pylon  
  88  11:55  Phoenix x3  
  88  11:56  Phoenix x2  
Show
View Real Time Build Order
Export as new Build Order

DinDon Protoss 

Build Orders:  

Get SALT Encoding   

  12  0:13  Pylon  
  12  0:19  Probe  
  13  0:31  Probe  
  13  0:32  Forge  
  14  0:45  Gateway  
  14  0:49  Probe  
  15  1:01  Probe  
  16  1:14  Assimilator  
  16  1:33  Pylon  
  16  1:40  Pylon  
  16  1:53  Photon Cannon  
  16  1:58  Photon Cannon  
  16  2:18  Pylon  
  16  2:37  Photon Cannon  
  16  2:45  Zealot  
  16  2:56  Probe  
  19  3:07  Cybernetics Core  
  19  3:08  Probe  
  19  3:10  Zealot  
  22  3:16  Pylon  
  22  3:20  Probe  
  23  3:31  Assimilator  
  24  3:34  Probe  
  24  3:37  Photon Cannon, Zealot  
  24  3:39  Photon Cannon  
  26  3:46  Probe  
  27  3:51  Gateway  
  27  3:58  Probe  
  28  4:02  Protoss Ground Weapons Level 1  
  28  4:04  Zealot  
  28  4:07  Probe  
  30  4:16  Warp Gate  
  31  4:28  Pylon  
  31  4:44  Pylon  
  31  4:46  Probe, Zealot  
  34  4:53  Robotics Facility  
  34  5:10  Gateway  
  34  5:13  Stalker  
  36  5:15  Pylon  
  36  5:21  Pylon  
  36  5:24  Gateway  
  36  5:32  Zealot  
  38  5:40  Adept  
  40  5:44  Warp Prism  
  42  5:55  Twilight Council  
  42  5:59  Zealot  
  44  6:10  Stalker  
  46  6:20  Immortal  
  46  6:22  Stalker  
  46  6:23  Stalker  
  54  6:38  Stalker  
  56  6:40  Protoss Ground Armor Level 1  
  56  6:50  Charge  
  56  7:19  Sentry  
  56  7:21  Zealot  
  56  7:22  Zealot  
  62  7:58  Pylon  
  62  8:01  Pylon  
  62  8:05  Pylon  
  62  8:14  Pylon  
  62  8:16  Immortal  
  64  8:55  Warp Prism  
  30  9:51  Stargate  
  30  9:53  Stargate  
  30  9:56  Photon Cannon  
  30  9:59  Photon Cannon  
  30  10:03  Photon Cannon  
  30  10:05  Stalker x3  
  30  10:06  Stalker  
  38  10:09  Protoss Air Weapons Level 1  
  38  10:11  Protoss Shields Level 1  
  38  10:30  Zealot x2  
  38  10:31  Zealot  
  44  11:08  Nexus  
  24  11:48  Stalker  
  26  12:15  Probe  
Show
View Real Time Build Order
Export as new Build Order

Jora Zerg 

Build Orders: 3 Hatch before Pool 

Get SALT Encoding   

  12  0:33  Drone  
  12  0:34  Drone  
  14  0:41  Overlord  
  14  0:42  Hatchery  
  13  0:48  Drone  
  14  1:15  Drone  
  14  1:17  Drone  
  16  1:29  Hatchery  
  15  1:33  Spawning Pool  
  15  1:37  Drone  
  15  1:42  Drone  
  16  2:03  Extractor  
  16  2:05  Drone x2  
  16  2:06  Extractor  
  16  2:17  Drone x2  
  18  2:25  Queen  
  20  2:34  Zergling x2  
  21  2:41  Zergling x2  
  21  2:43  Drone x3  
  25  2:49  Drone  
  26  2:54  Drone  
  26  2:55  Drone  
  28  3:06  Metabolic Boost  
  28  3:09  Drone x2  
  30  3:13  Drone  
  30  3:15  Drone  
  30  3:18  Zergling x2  
  33  3:20  Zergling x2  
  34  3:27  Overlord  
  34  3:32  Overlord  
  34  3:40  Lair  
  34  3:45  Drone  
  34  3:46  Drone  
  34  3:48  Drone  
  37  3:49  Drone  
  37  3:51  Drone  
  37  3:53  Drone  
  40  3:56  Drone  
  41  4:04  Drone x2  
  41  4:05  Drone  
  41  4:08  Extractor  
  41  4:09  Drone, Extractor  
  43  4:16  Queen  
  45  4:23  Overlord x2  
  45  4:27  Drone  
  45  4:28  Drone  
  47  4:40  Drone x3  
  47  4:41  Drone  
  47  4:42  Drone x3  
  47  4:43  Drone x2  
  56  4:59  Spire  
  55  5:02  Drone  
  55  5:03  Drone x6  
  61  5:30  Drone  
  61  5:35  Drone x6, Extractor x2  
  66  5:37  Overlord x6  
  66  5:41  Pneumatized Carapace  
  66  5:47  Spire  
  65  5:51  Infestation Pit  
  62  6:19  Mutalisk x4  
  62  6:20  Mutalisk x2  
  74  6:27  Mutalisk x3  
  80  6:41  Mutalisk x2  
  84  6:47  Zerg Flyer Weapons Level 1  
  84  6:50  Hatchery  
  83  7:15  Zerg Flyer Armor Level 1  
  83  7:28  Drone x3  
  86  7:34  Hatchery  
  85  7:42  Extractor  
  85  7:43  Hatchery  
  83  7:46  Extractor  
  83  7:51  Mutalisk x4  
  82  7:52  Mutalisk x2  
  82  7:56  Mutalisk  
  96  8:05  Drone x2  
  97  8:06  Drone  
  97  8:07  Drone x3  
  97  8:10  Queen  
  104  8:13  Overlord  
  104  8:25  Overlord x3  
  104  8:26  Overlord  
  104  8:28  Hive  
  104  8:39  Corruptor  
  106  8:43  Corruptor  
  106  8:44  Corruptor  
  106  8:46  Burrow  
  110  8:50  Drone  
  110  8:51  Drone x2  
  98  9:40  Mutalisk  
  98  9:41  Mutalisk x11  
  121  9:50  Hatchery  
  120  9:53  Extractor, Zerg Flyer Weapons Level 2  
  120  9:54  Extractor  
  120  9:56  Zerg Flyer Armor Level 2  
  118  10:03  Drone x4  
  118  10:05  Drone x4  
  118  10:06  Drone  
  127  10:10  Zergling x2  
  127  10:11  Zergling x6  
  131  10:18  Drone x4  
  131  10:20  Queen  
  110  10:51  Corruptor  
  110  10:52  Corruptor x11  
  110  10:55  Drone  
  135  10:58  Spore Crawler  
  135  10:59  Drone x2  
  136  11:04  Overlord x3  
  136  11:12  Drone x4  
  136  11:13  Drone  
  141  11:24  Hydralisk Den  
  136  11:33  Mutalisk  
  136  11:34  Mutalisk x6  
Show
View Real Time Build Order
Export as new Build Order

Impasha Protoss 

Build Orders: Carriers 

Get SALT Encoding   

  1  0:00  Probe  
  12  0:06  Probe  
  14  0:16  Probe  
  15  0:34  Pylon  
  15  0:40  Assimilator  
  15  0:52  Probe  
  16  1:00  Gateway  
  16  1:02  Forge  
  16  1:13  Probe  
  17  1:19  Pylon  
  17  1:21  Probe  
  18  1:26  Assimilator  
  18  1:31  Probe  
  19  2:11  Photon Cannon  
  19  3:00  Cybernetics Core  
  19  3:05  Probe  
  20  3:13  Probe  
  21  3:22  Probe  
  22  3:41  Nexus  
  22  3:54  Stargate  
  22  3:55  Probe  
  23  4:09  Stargate, Probe  
  24  4:22  Probe  
  25  4:38  Assimilator  
  25  4:42  Assimilator  
  25  4:43  Void Ray  
  29  4:50  Pylon  
  29  4:54  Pylon  
  29  4:57  Probe  
  29  4:58  Probe  
  31  5:09  Probe  
  31  5:10  Probe  
  33  5:21  Probe  
  33  5:22  Probe  
  33  5:23  Void Ray  
  39  5:33  Probe x2  
  41  5:41  Void Ray, Probe x2  
  41  5:49  Probe x2  
  49  6:00  Probe x2  
  51  6:10  Phoenix  
  51  6:17  Phoenix  
  55  6:35  Phoenix  
  45  6:48  Phoenix  
  47  7:00  Phoenix  
  49  7:12  Probe x2  
  49  7:13  Phoenix  
  53  7:24  Probe x2  
  55  7:36  Probe x2  
  57  7:41  Protoss Air Weapons Level 1  
  57  7:43  Photon Cannon  
  57  7:50  Cybernetics Core  
  57  7:53  Fleet Beacon  
  57  7:59  Pylon  
  57  8:01  Pylon  
  57  8:04  Phoenix x2  
  61  8:06  Pylon  
  61  8:10  Pylon  
  61  8:41  Pylon  
  61  8:42  Shield Battery  
  61  8:46  Shield Battery  
  61  8:52  Carrier x2  
  73  8:56  Nexus  
  73  9:52  Protoss Air Weapons Level 2  
  73  9:58  Protoss Air Armor Level 1  
  73  9:59  Carrier x2  
  85  10:09  Pylon  
  85  10:12  Stargate  
  85  10:16  Probe, Assimilator  
  85  10:19  Probe x2  
  88  10:24  Probe  
  88  10:29  Assimilator  
  88  10:31  Probe x2  
  88  10:33  Probe  
  92  10:43  Probe x2  
  92  10:45  Probe  
  95  10:55  Probe x2  
  97  10:57  Probe  
  98  11:07  Probe x2  
  100  11:16  Anion Pulse-Crystals  
  100  11:17  Carrier x2  
  112  12:07  Stargate  
Tags
 
Add a new tag
Caveats
  • Supply blocks, unpowered buildings, or Contaminate may cause inaccurate times.
  • Supply counts are checked every 10 seconds.